 Dungeon Sprint DCSS version 0.30.1-6-gbe392663c4 (webtiles) character file.

Game seed: 4874574136348353549

55708 Heoruswealwe the Minotaur Porcupine (level 14, -20/168 HPs)
             Began as a Minotaur Fighter on Sept 20, 2023.
             Was the Champion of the Shining One.
             Killed from afar by an ironbound thunderhulk (53 damage)
             ... with a bolt of lightning
             ... in the Dungeon (Sprint IX: "|||||||||||||||||||||||||||||").
             The game lasted 00:42:15 (4284 turns).

Heoruswealwe the Minotaur Porcupine (MiFi)          Turns: 4284, Time: 00:42:16

Health: -20/168    AC: 39    Str: 26    XL:     14   Next: 39%
Magic:  13/13      EV: 22    Int:  5    God:    the Shining One [******]
Gold:   26         SH:  0    Dex: 10    Spells: 13/13 levels left

rFire   + . .        b - +5 glaive
rCold   + . .        (shield currently unavailable)
rNeg    + + +        c - +3 crystal plate armour
rPois   .            (helmet restricted)
rElec   .            h - +0 cloak
rCorr   .            f - +0 pair of gloves
SInv    .            e - +0 pair of boots
Will    +....        i - amulet of the acrobat Stlth
                     k - ring of protection from fire
HPRegen 0.48/turn    j - ring of protection from cold
MPRegen 0.13/turn

%: no teleportation, acrobat
@: marked, acrobatic, glowing
A: horns 2, retaliatory headbutt
a: Renounce Religion, Divine Shield, Cleansing Flame, Summon Divine Warrior,
Brand Weapon With Holy Wrath


You were in the Dungeon.
You worshipped the Shining One.
The Shining One was exalted by your worship.
You visited 1 branch You collected 1906 gold pieces.
You spent 1880 gold pieces at shops.

Inventory:

Hand Weapons
 a - a +0 trident
 b - a +5 glaive (weapon)
 g - a +2 halberd of venom
Armour
 c - a +3 crystal plate armour (worn)
 d - a +0 kite shield
 e - a +0 pair of boots (worn)
 f - a +0 pair of gloves (worn)
 h - a +0 cloak (worn)
Jewellery
 i - an amulet of the acrobat (around neck)
 j - a ring of protection from cold (right hand)
 k - a ring of protection from fire (left hand)
 B - a ring of protection from cold
Wands
 l - a wand of iceblast (8)
 w - a wand of flame (14)
 x - a wand of paralysis (9)
Potions
 m - 2 potions of might
 o - a potion of mutation
 q - 3 potions of berserk rage
 t - a potion of cancellation
 u - 2 potions of heal wounds
 z - a potion of ambrosia
 C - 3 potions of curing


   Skills:
 O Level 27 Fighting
 O Level 27 Polearms
 + Level 24.6 Armour
 + Level 15.7 Shields


You had 13 spell levels left.
You didn't know any spells.
Your spell library was empty.

Dungeon Overview and Level Annotations

Branches:
Dungeon (1/1)

Altars:
Cheibriados
Dithmenos
Elyvilon
Fedhas
Gozag
Hepliaklqana
Kikubaaqudgha
Makhleb
Nemelex Xobeh
Okawaru
Qazlal
Ru
Sif Muna
Trog
Uskayaw
Vehumet
Wu Jian
Xom
Yredelemnul
Zin
The Shining One
Jiyva
Lugonu

Shops:
D =[!*


Innate Abilities, Weirdness & Mutations

You have a pair of horns on your head.
You reflexively headbutt those who attack you in melee.


Message History

You slash the yaktaur captain! You headbutt the yaktaur captain!
The yaktaur captain is moderately wounded.
Electricity crackles from the ironbound thunderhulk's apparatus.
The bolt of lightning misses you.
Electricity crackles from the ironbound thunderhulk's apparatus.
The bolt of lightning hits you!!
* * * LOW HITPOINT WARNING * * *
The yaktaur captain unwields a +0 arbalest.
The yaktaur captain closely misses you.
You slash the yaktaur captain!
The yaktaur captain is heavily wounded.
Strange energies crackle from the ironbound thunderhulk's apparatus.
The ironbound thunderhulk blinks!
You hit the yaktaur captain. You headbutt the yaktaur captain!
The yaktaur captain is severely wounded.
The yaktaur captain hits you!!
* * * LOW HITPOINT WARNING * * *
Blink to where?
Press: ? - help, Dir - move target
As you read the scroll of blinking, it crumbles to dust.
The ironbound thunderhulk hits you but does no damage.
Blink to where?
Press: ? - help, Dir - move target
As you read the scroll of blinking, it crumbles to dust.
Blink to where?
Press: ? - help, Dir - move target
As you read the scroll of blinking, it crumbles to dust.
There is an open door to the Dungeon here.
Things that are here:
a +0 dagger; a +0 robe You close the door, pushing everything out of the way.
Things that are here:
a +0 robe; a +0 dagger You start resting.
An ironbound thunderhulk opens the door.
It is wielding a +0 dire flail.
Electricity crackles from the ironbound thunderhulk's apparatus.
The bolt of lightning misses you.
Electricity crackles from the ironbound thunderhulk's apparatus.
The bolt of lightning hits you!!!
You die...

▓▓▓▓▓▓▓▓▓▓▓▓▓▓▓▓▓▓▓▓▓▓▓▓▓▓▓▓▓▓
...§)([.)()O[...@............▓
▓▓▓▓▓▓▓▓▓▓▓▓▓▓▓▓▓▓▓▓▓▓▓▓▓▓▓▓.▓
.............................▓
▓▓▓▓▓▓▓▓▓▓▓▓▓▓▓▓▓▓▓▓▓▓▓▓▓▓▓▓▓▓
...'.....).)÷÷...............▓
▓▓▓▓▓▓▓▓▓▓▓▓▓▓▓▓▓▓▓▓▓▓▓▓▓▓▓▓.▓
.........)...................▓
▓▓▓▓▓▓▓▓▓▓▓▓▓▓▓▓▓▓▓▓▓▓▓▓▓▓▓▓▓▓
..[[[[)))))))).=...'.........▓


You could see an ironbound thunderhulk.

Vanquished Creatures
  Frances (D)
  A tengu reaver (D)
  2 fire giants (D)
  A very ugly thing (D)
  3 stone giants (D)
  3 vampire knights (D)
  Azrael (D)
  3 ettins (D)
  An entropy weaver (D)
  A fire dragon (D)
  2 rakshasas (D)
  Erolcha (D)
  2 hydras (D)
  3 ice dragons (D)
  An anaconda (D)
  A radroach (D)
  3 centaur warriors (D)
  2 alligator snapping turtles (D)
  A boulder beetle (D)
  A deep troll earth mage (D)
  2 deep troll shamans (D)
  2 alligators (D)
  A vampire mage (D)
  Urug (D)
  2 shock serpents (D)
  Sonja (D)
  2 skysharks (D)
  2 pharaoh ants (D)
  A goliath frog (D)
  A salamander mystic (D)
  A sea snake (D)
  3 spriggan druids (D)
  A glowing orange brain (D)
  A bog body (D)
  A flayed ghost (D)
  3 lindwurms (D)
  2 wizards (D)
  A harpy (D)
  An orc knight (D)
  A necromancer (D)
  3 wolf spiders (D)
  2 ugly things (D)
  A cyclops (D)
  4 manticores (D)
  7 orc sorcerers (D)
  A salamander (D)
  A moth of wrath (D)
  Joseph (D)
  4 black mambas (D)
  A vault sentinel (D)
  3 cane toads (D)
  An unseen horror (D)
  A komodo dragon (D)
  A freezing wraith (D)
  A tengu conjurer (D)
  2 merfolk (D)
  2 trolls (D)
  A wind drake (D)
  3 tyrant leeches (D)
  A blink frog (D)
  A culicivora (D)
  A wraith (D)
  A shadow (D)
  2 yaks (D)
  4 wyverns (D)
  A basilisk (D)
  4 fire elementals (D)
  A redback (D)
  2 hell hounds (D)
  3 water moccasins (D)
  12 orc warriors (D)
  2 black bears (D)
  A centaur (D)
  A boggart (D)
  A bullfrog (D)
  5 orc priests (D)
  A sleepcap (D)
  10 orc wizards (D)
  3 worms (D)
  5 orcs (D)
  A bat (D)
  An endoplasm (D)
  A goblin (D)
  A hobgoblin (D)
  A ball python (D)
171 creatures vanquished.

Notes
Turn   | Place    | Note
-------+----------+-------------------------------------------
     0 | D        | Heoruswealwe the Minotaur Fighter began the quest for the
                  | Orb.
     0 | D        | Reached XP level 1. HP: 19/19 MP: 0/0
    20 | D        | Noticed a black bear
    20 | D        | Noticed a sleepcap
    20 | D        | Noticed a black bear
    23 | D        | Reached XP level 2. HP: 24/28 MP: 1/1
    26 | D        | Killed a black bear
    27 | D        | Reached XP level 3. HP: 30/38 MP: 2/2
    27 | D        | Reached XP level 4. HP: 36/45 MP: 3/3
    47 | D        | Killed a black bear
    48 | D        | Reached skill level 10 in Polearms
    48 | D        | Reached XP level 5. HP: 16/53 MP: 4/4
    54 | D        | Found a snail-covered altar of Cheibriados.
    54 | D        | Found a shadowy altar of Dithmenos.
    54 | D        | Found a white marble altar of Elyvilon.
    54 | D        | Found a blossoming altar of Fedhas.
    54 | D        | Found an opulent altar of Gozag.
    55 | D        | Found a hazy altar of Hepliaklqana.
    56 | D        | Found a viscous altar of Jiyva.
    57 | D        | Found an ancient bone altar of Kikubaaqudgha.
    58 | D        | Found a corrupted altar of Lugonu.
    59 | D        | Found a burning altar of Makhleb.
    60 | D        | Found a sparkling altar of Nemelex Xobeh.
    61 | D        | Found an iron altar of Okawaru.
    62 | D        | Found a stormy altar of Qazlal.
    63 | D        | Found a sacrificial altar of Ru.
    64 | D        | Found a shimmering blue altar of Sif Muna.
    65 | D        | Found a bloodstained altar of Trog.
    66 | D        | Found a hide-covered altar of Uskayaw.
    67 | D        | Found a radiant altar of Vehumet.
    68 | D        | Found an ornate altar of the Wu Jian Council.
    69 | D        | Found a shimmering altar of Xom.
    70 | D        | Found a basalt altar of Yredelemnul.
    71 | D        | Found a glowing silver altar of Zin.
    72 | D        | Found a glowing golden altar of the Shining One.
    80 | D        | Became a worshipper of the Shining One
   181 | D        | Noticed a wraith
   181 | D        | Noticed a troll
   181 | D        | Noticed a centaur
   181 | D        | Reached * piety under the Shining One
   181 | D        | Noticed a wyvern
   181 | D        | Noticed a troll
   181 | D        | Noticed a shadow
   184 | D        | Killed a shadow
   184 | D        | Reached ** piety under the Shining One
   185 | D        | Reached XP level 6. HP: 63/63 MP: 5/5
   188 | D        | Killed a troll
   189 | D        | Reached skill level 10 in Fighting
   189 | D        | Reached skill level 10 in Armour
   189 | D        | Reached XP level 7. HP: 55/72 MP: 6/6
   190 | D        | Killed a wyvern
   196 | D        | Killed a troll
   197 | D        | Reached XP level 8. HP: 58/82 MP: 7/7
   200 | D        | Reached skill level 15 in Polearms
   251 | D        | Noticed a cyan ugly thing
   251 | D        | Noticed a brown ugly thing
   251 | D        | Noticed a centaur warrior
   251 | D        | Reached *** piety under the Shining One
   251 | D        | Noticed a manticore
   251 | D        | Noticed a tengu conjurer
   256 | D        | Killed a tengu conjurer
   259 | D        | Killed a manticore
   260 | D        | Noticed an unseen horror
   267 | D        | Killed a centaur warrior
   268 | D        | Reached XP level 9. HP: 45/93 MP: 8/8
   272 | D        | Killed a brown ugly thing
   275 | D        | Killed an unseen horror
   282 | D        | Killed a cyan ugly thing
   565 | D        | Noticed a komodo dragon
   565 | D        | Noticed a cane toad
   565 | D        | Reached **** piety under the Shining One
   569 | D        | Noticed a cane toad
   573 | D        | Killed a cane toad
   574 | D        | Reached XP level 10. HP: 99/104 MP: 9/9
   583 | D        | Killed a cane toad
   590 | D        | Reached skill level 15 in Fighting
   590 | D        | Reached skill level 15 in Armour
   748 | D        | Noticed a cane toad
   748 | D        | Noticed a six-headed hydra
   748 | D        | Noticed a skyshark
   748 | D        | Reached ***** piety under the Shining One
   755 | D        | Noticed a skyshark
   762 | D        | Killed a skyshark
   768 | D        | Killed a 12-headed hydra
   772 | D        | Killed a cane toad
   783 | D        | Killed a skyshark
  1007 | D        | Noticed a lindwurm
  1008 | D        | Noticed a lindwurm
  1012 | D        | Noticed a lindwurm
  1012 | D        | Reached ****** piety under the Shining One
  1015 | D        | Killed a lindwurm
  1016 | D        | Reached XP level 11. HP: 112/115 MP: 10/10
  1039 | D        | Killed a lindwurm
  1046 | D        | Killed a lindwurm
  1282 | D        | Noticed Urug
  1288 | D        | Killed Urug
  1361 | D        | Noticed an ettin
  1371 | D        | Killed an ettin
  1383 | D        | Noticed an orc sorcerer
  1393 | D        | Killed an orc sorcerer
  1605 | D        | Found Losiof's General Store.
  1605 | D        | Noticed an orc sorcerer
  1605 | D        | Noticed an orc sorcerer
  1605 | D        | Noticed an orc sorcerer
  1607 | D        | Noticed an orc sorcerer
  1608 | D        | Noticed an orc sorcerer
  1613 | D        | Killed an orc sorcerer
  1614 | D        | Found Howiukkyest's Distillery.
  1619 | D        | Killed an orc sorcerer
  1620 | D        | Paralysed by an orc sorcerer for 3 turns
  1624 | D        | Killed an orc sorcerer
  1626 | D        | Paralysed by an orc sorcerer for 5 turns
  1638 | D        | Killed an orc sorcerer
  1642 | D        | Killed an orc sorcerer
  1652 | D        | Found Pail's Antique Armour Boutique.
  1656 | D        | Found Vixiprul's Jewellery Shop.
  1660 | D        | Noticed an orc sorcerer
  1674 | D        | Killed an orc sorcerer
  1732 | D        | Bought a scroll of enchant weapon for 90 gold pieces
  1732 | D        | Bought a scroll of enchant armour for 90 gold pieces
  1736 | D        | Bought a kite shield for 90 gold pieces
  1736 | D        | Bought a shiny plate armour for 520 gold pieces
  1736 | D        | Bought a runed plate armour for 520 gold pieces
  1736 | D        | Bought a runed plate armour for 520 gold pieces
  1768 | D        | Bought a potion of berserk rage for 50 gold pieces
  1822 | D        | Noticed Erolcha
  1828 | D        | Killed Erolcha
  1829 | D        | Reached XP level 12. HP: 128/128 MP: 11/11
  1849 | D        | Noticed Sonja
  1853 | D        | Killed Sonja
  1859 | D        | Noticed Joseph
  1861 | D        | Paralysed by Joseph for 4 turns
  1868 | D        | Killed Joseph
  2120 | D        | Noticed a boulder beetle
  2120 | D        | Noticed a fire dragon
  2126 | D        | Killed a fire dragon
  2133 | D        | Noticed a green very ugly thing
  2143 | D        | Noticed a stone giant
  2157 | D        | Killed a green very ugly thing
  2162 | D        | Noticed a fire giant
  2165 | D        | Killed a stone giant
  2168 | D        | Noticed a deep troll shaman
  2175 | D        | Killed a fire giant
  2181 | D        | Killed a deep troll shaman
  2186 | D        | Killed a boulder beetle
  2200 | D        | Noticed an ice dragon
  2208 | D        | Killed an ice dragon
  2445 | D        | Noticed a tengu reaver
  2457 | D        | Killed a tengu reaver
  2458 | D        | Reached skill level 27 in Polearms
  2702 | D        | Noticed Frances
  2713 | D        | Killed Frances
  2809 | D        | Noticed an alligator snapping turtle
  2810 | D        | Noticed an alligator snapping turtle
  2819 | D        | Killed an alligator snapping turtle
  2820 | D        | Reached skill level 5 in Shields
  2836 | D        | Reached XP level 13. HP: 76/143 MP: 12/12
  3482 | D        | Reached skill level 10 in Shields
  4028 | D        | Noticed Azrael
  4035 | D        | Killed Azrael
  4101 | D        | Noticed a stone giant
  4101 | D        | Noticed a vampire knight
  4101 | D        | Noticed a fire giant
  4109 | D        | Killed a fire giant
  4114 | D        | Noticed an ettin
  4119 | D        | Killed a vampire knight
  4126 | D        | Noticed an ettin
  4129 | D        | Reached XP level 14. HP: 99/163 MP: 13/13
  4131 | D        | Killed a stone giant
  4142 | D        | Noticed a stone giant
  4150 | D        | Noticed a vampire knight
  4154 | D        | Killed a stone giant
  4167 | D        | Killed a vampire knight
  4170 | D        | Noticed a vampire knight
  4178 | D        | Killed a vampire knight
  4179 | D        | Reached skill level 27 in Fighting
  4188 | D        | Reached skill level 15 in Shields
  4245 | D        | Noticed an ironbound thunderhulk
  4261 | D        | Noticed an ironbound thunderhulk
  4284 | D        | Killed from afar by an ironbound thunderhulk

Illustrated notes

Levels and vault maps discovered:
D:        linesprint [early_d, line_temple, items_1, d_10, items_2, lair_1,
          lair_end, items_3, orc_1, orc_end, items_4, d_15, swamp_1, shoals_1,
          snake_1, spider_1, d_20, vaults_1, items_5, swamp_end, shoals_end,
          snake_end, spider_end, vaults_end, d_27, items_6, zot_1, zot_end,
          crypt_end, forest_end, elf_end, slime_end, tomb_end, abyss_end,
          pan_hell_end]

Skill      XL: |  1  2  3  4  5  6  7  8  9 10 11 12 13 14 |
---------------+-------------------------------------------+-----
Polearms       | 4 7 10 11 13 14 17 19 22 24 27 | 27.0
Fighting       | 4 6 7 9 10 11 13 14 16 18 21 25 27 | 27.0
Armour         | 4 6 7 9 10 11 13 14 16 18 20 23 24 | 24.6
Shields        | 6 13 15 | 15.7

Action                     |  1- 3 |  4- 6 |  7- 9 | 10-12 | 13-15 || total
---------------------------+-------+-------+-------+-------+-------++-------
  Melee: Trident           |    15 |    18 |       |       |       ||    33
         Headbutt          |     2 |     6 |    14 |    80 |    56 ||   158
         Halberd           |       |     7 |    47 |   311 |   202 ||   567
         Glaive            |       |       |       |       |    15 ||    15
  Evoke: Wand              |       |       |       |       |     2 ||     2
    Use: Potion            |       |     1 |     2 |     3 |     8 ||    14
         Scroll            |       |       |       |     2 |     8 ||    10
 Armour: Scale mail        |     5 |     8 |       |       |       ||    13
         Chain mail        |       |     5 |    23 |    48 |       ||    76
         Plate armour      |       |       |       |    30 |       ||    30
         Crystal plate arm |       |       |       |    55 |   119 ||   174
  Dodge: Dodged            |     6 |    14 |    14 |    77 |    52 ||   163
  Block: Buckler           |     3 |     4 |       |       |       ||     7
